Description

Special eco build against toss. Quite a nice opening variation on 2-1-1 fast 3rd CC seen by TY in the TvZ match up. Once you have the raven, swap off the starport to build a reactor on it elsewhere, build a barracks on the free tech lab. Swap off the factory once you've built 2 seige tanks and build a reactor on that too to constantly produce widow mines.

It's important to take your bio force once the first 2 medivacs finish out onto the map to ensure you have map control and to poke as much as possible.

Build Order

Get SALT Encoding   

  14  0:18  Supply Depot  
  16  0:41  Barracks  
  16  0:45  Refinery  
  20  1:28  Reaper, Orbital Command  
  21  1:55  Supply Depot  
  22  2:00  Marine  
  23  2:11  Factory  
  24  2:21  Refinery  2nd Gas
  24  2:23  Barracks Reactor   @ 50 gas then constant marine production
  26  2:31  Barracks  
  29  2:55  Starport  
  33  3:00  Widow Mine  
  34  3:30  Factory Tech Lab  
  40  3:46  Supply Depot, Action  swap factory & starport onto tech lab
  44  4:00  Raven  
  46  4:05  Stimpack  
  47  4:09  Supply Depot  At this point, constant supply depot production
  49  4:15  Factory Tech Lab  
Spawning Tool Build Advisor. Get it on Overwolf

Go to:

Details

  • Created by: JazzzOnYourFace
  • Published on: May 20, 2019
  • Modified on: May 20, 2019
  • Patch: 4.7.1
Show
View Real Time Build Order
Export as new Build Order

Comments (0)

There are no comments. Be the first!

Create an account to comment!